Map: King's Cove LE

Players

Smeeeger

  • Race: Zerg Zerg
  • League: Platinum
  • Spawn Location: 11:00

BattleLord - Winner!

  • Race: Terran Terran
  • League: Platinum
  • Spawn Location: 5:00

VOD

Have the link to the VOD?

Description

Time

  • Played on: July 26, 2019, 8:44 a.m.
  • Length: 5:10
Show
View Real Time Build Order
Export as new Build Order

Smeeeger Zerg 

Build Orders: Hatch First 

Get SALT Encoding   

  12  0:01  Drone  
  13  0:13  Overlord  
  13  0:18  Drone  
  14  0:32  Drone x2  
  16  0:39  Drone  
  17  0:46  Drone  
  18  0:58  Hatchery  
  18  1:00  Extractor  
  18  1:02  Drone  
  17  1:18  Spawning Pool  
  16  1:19  Drone  
  16  1:23  Drone  
  18  1:29  Drone  
  19  1:39  Overlord  
  19  2:04  Queen  
  19  2:05  Zergling x2  
  19  2:06  Zergling x2  
  23  2:10  Queen  
  23  2:11  Drone  
  23  2:13  Drone  
  23  2:14  Metabolic Boost  
  27  2:40  Hatchery, Drone x2  
  27  2:43  Drone x2  
  30  2:45  Drone  
  30  2:50  Drone  
  32  2:56  Queen  
  34  3:00  Drone  
  34  3:01  Drone  
  36  3:18  Roach Warren  
  36  3:19  Drone  
  36  3:20  Evolution Chamber  
  36  3:21  Overlord  
  36  3:22  Overlord  
  36  3:24  Drone  
  36  3:31  Overlord  
  36  3:48  Drone  
  36  3:49  Drone x3  
  36  3:50  Drone  
  41  3:59  Drone x3  
  41  4:00  Drone  
  45  4:04  Lair  
  45  4:05  Queen  
  45  4:07  Drone  
  45  4:08  Drone x2  
  45  4:09  Overlord  
  49  4:25  Extractor  
  49  4:26  Extractor  
  49  4:27  Drone  
  49  4:28  Drone x2  
  50  4:36  Roach x2  
  54  4:42  Zergling x6  
  54  4:43  Zergling x2  
  60  5:04  Evolution Chamber  
Show
View Real Time Build Order
Export as new Build Order

BattleLord Terran - Winner!

Build Orders: 1/1/1 

Get SALT Encoding   

  12  0:01  SCV  
  13  0:13  SCV  
  14  0:25  SCV  
  14  0:28  Supply Depot  
  15  0:35  Refinery  
  15  0:37  Refinery  
  15  0:51  Barracks  
  15  0:54  SCV  
  16  1:06  SCV  
  17  1:18  SCV  
  18  1:40  Factory, Marine  
  18  1:43  Orbital Command  
  19  1:58  Barracks Tech Lab  
  19  2:09  SCV  
  20  2:20  Supply Depot  
  20  2:25  Starport  
  20  2:38  Supply Depot  
  20  2:41  Siege Tank  
  20  2:42  Marine  
  24  2:44  SCV  
  25  2:56  SCV  
  26  3:03  Starport Tech Lab, Fusion Core  
  26  3:09  SCV  
  27  3:33  SCV  
  28  3:41  Marine  
  28  3:46  SCV  
  30  3:51  Battlecruiser  
  36  3:57  Supply Depot  
  36  4:01  Barracks Reactor  
  36  4:36  Supply Depot, SCV  
  37  4:49  SCV  
  38  4:53  Engineering Bay  
Tags
 
Add a new tag
Caveats
  • Supply blocks, unpowered buildings, or Contaminate may cause inaccurate times.
  • Supply counts are checked every 10 seconds.